Map: Proxima Station LE

Players

HEMORRHOIDS - Winner!

  • Race: Protoss Protoss
  • League: Diamond
  • Spawn Location: 7:00

LukeKfm

  • Race: Zerg Zerg
  • League: Diamond
  • Spawn Location: 1:00

VOD

Have the link to the VOD?

Description

Time

  • Played on: May 12, 2017, 3:52 p.m.
  • Length: 13:40
Show
View Real Time Build Order
Export as new Build Order

HEMORRHOIDS Protoss - Winner!

Build Orders: Cannon Rush 

Get SALT Encoding   

  12  0:01  Probe (Chrono Boost)  
  13  0:12  Probe (Chrono Boost)  
  14  0:20  Pylon  
  14  0:25  Probe (Chrono Boost)  
  15  0:39  Probe (Chrono Boost)  
  16  0:49  Probe (Chrono Boost)  
  17  0:57  Forge  
  17  1:00  Probe (Chrono Boost)  
  18  1:10  Probe (Chrono Boost)  
  19  1:17  Pylon  
  19  1:21  Probe (Chrono Boost)  
  20  1:31  Probe (Chrono Boost)  
  21  1:42  Photon Cannon  
  21  1:43  Pylon  
  21  1:44  Photon Cannon  
  21  1:46  Photon Cannon  
  21  1:49  Photon Cannon  
  21  1:59  Photon Cannon  
  21  2:09  Probe (Chrono Boost)  
  21  2:15  Pylon  
  22  2:16  Pylon  
  22  2:17  Pylon  
  22  2:20  Probe (Chrono Boost)  
  23  2:33  Photon Cannon  
  23  2:34  Photon Cannon  
  23  2:36  Photon Cannon  
  23  2:41  Pylon  
  23  2:48  Probe (Chrono Boost)  
  23  2:50  Assimilator  
  24  2:53  Assimilator  
  24  2:55  Pylon  
  23  3:15  Probe (Chrono Boost)  
  24  3:25  Probe (Chrono Boost)  
  25  3:27  Gateway  
  25  3:28  Photon Cannon  
  25  3:32  Photon Cannon  
  26  3:48  Nexus  
  25  3:55  Pylon  
  25  4:05  Photon Cannon  
  25  4:30  Photon Cannon  
  25  4:32  Assimilator  
  25  4:35  Cybernetics Core  
  25  4:38  Assimilator  
  25  4:50  Photon Cannon  
  25  4:52  Pylon  
  25  5:16  Stargate  
  25  5:20  Stargate  
  26  5:21  Probe (Chrono Boost)  
  26  5:32  Mothership Core (Chrono Boost), Probe (Chrono Boost)  
  29  5:42  Probe (Chrono Boost)  
  30  5:53  Probe (Chrono Boost)  
  31  6:03  Probe (Chrono Boost)  
  32  6:06  Mothership Core (Chrono Boost)  
  32  6:13  Gateway  
  32  6:14  Probe (Chrono Boost)  
  32  6:15  Gateway  
  32  6:32  Void Ray x2  
  40  6:40  Pylon  
  40  6:46  Pylon  
  40  7:03  Pylon  
  40  7:15  Void Ray  
  44  7:17  Void Ray  
  48  7:30  Forge  
  48  7:47  Pylon  
  48  7:56  Pylon  
  48  7:58  Void Ray  
  52  7:59  Void Ray  
  56  8:12  Photon Cannon  
  52  8:56  Void Ray x2  
  60  9:38  Void Ray  
  64  9:50  Void Ray  
  68  10:47  Nexus  
  67  10:53  Void Ray  
Show
View Real Time Build Order
Export as new Build Order

LukeKfm Zerg 

Build Orders: 3 Hatch before Pool 

Get SALT Encoding   

  12  0:00  Drone  
  13  0:13  Overlord  
  13  0:17  Drone  
  14  0:32  Drone x2  
  16  0:36  Drone  
  17  0:54  Hatchery  
  17  0:56  Drone  
  17  1:00  Drone  
  18  1:20  Hatchery  
  17  1:27  Drone x2  
  17  1:30  Drone  
  20  1:48  Spawning Pool  
  19  2:07  Extractor, Drone x2  
  21  2:35  Queen  
  21  2:36  Spine Crawler  
  22  2:37  Zergling x6  
  22  2:38  Zergling x2  
  22  2:43  Queen  
  28  2:47  Overlord  
  27  3:11  Extractor  
  27  3:12  Drone x3, Roach Warren  
  26  3:27  Drone x2  
  28  3:36  Overlord  
  28  3:52  Roach  
  30  3:56  Roach x3  
  30  3:57  Roach  
  38  4:07  Overlord  
  38  4:27  Roach  
  38  4:28  Roach x2  
  38  4:29  Roach  
  46  4:44  Overlord  
  45  5:04  Ravager, Hatchery  
  45  5:05  Ravager x4  
  49  5:07  Roach x2  
  49  5:08  Zergling x2  
  49  5:10  Overlord x2  
  54  5:23  Overlord x2  
  54  5:34  Roach x3  
  60  5:42  Roach x2  
  64  6:00  Roach x2  
  68  6:09  Roach x3  
  76  6:18  Roach x2  
  79  6:32  Roach  
  79  6:33  Roach  
  79  6:51  Roach x3  
  79  6:52  Roach  
  87  7:24  Drone  
  87  7:25  Drone x4  
  87  7:26  Overlord x2  
  92  7:48  Roach  
  92  7:49  Roach x4  
  102  8:12  Roach x3  
  108  8:16  Spore Crawler  
  107  8:41  Spore Crawler  
  107  8:42  Spore Crawler  
  103  8:50  Overlord x2  
  87  9:41  Extractor  
  27  11:00  Extractor x2  
  24  11:54  Extractor x2  
Tags
 
Add a new tag
Caveats
  • Supply blocks, unpowered buildings, or Contaminate may cause inaccurate times.
  • Supply counts are checked every 10 seconds.